 Dungeon Crawl Stone Soup version 0.31.0-11-ge490571c62 (webtiles) character file.

Game seed: 17567615449334314706

224 luckylaki the Sneak (level 6, -1/34 HPs)
             Began as a Kobold Enchanter on Feb 9, 2024.
             Slain by a water moccasin (5 damage)
             ... on level 6 of the Dungeon on Feb 10, 2024.
             The game lasted 00:32:34 (3331 turns).

luckylaki the Sneak (Kobold Enchanter)              Turns: 3331, Time: 00:32:35

Health: -1/34      AC:  5    Str:  5    XL:     6   Next: 20%
Magic:  18/18      EV: 16    Int: 22    God:
Gold:   123        SH:  0    Dex: 18    Spells: 9/9 levels left

rFire   . . .        d - +2 short sword (drain)
rCold   . . .        (no shield)
rNeg    . . .        q - +0 robe
rPois   .            u - +1 helmet of a Billion Eyes {rCorr MP+9 SInv Stlth-}
rElec   .            (no cloak)
rCorr   +            v - +0 pair of gloves
SInv    +            (no boots)
Will    +....        (no amulet)
Stlth   ++++         f - ring of willpower
HPRegen 0.25/turn    i - +6 ring of intelligence
MPRegen 0.16/turn

%: no passive effects
@: no status effects
A: small, no large weapons, nightstalker 3
a: no special abilities


You were on level 6 of the Dungeon.
You visited 1 branch of the dungeon, and saw 4 of its levels.

You collected 215 gold pieces.
You spent 92 gold pieces at shops.

Inventory:

Hand Weapons
 a - a +1 dagger
 d - a +2 short sword of draining (weapon)
 k - a +0 sling
 o - a +0 rapier
 p - a +3 war axe of electrocution
Missiles
 e - 58 stones (quivered)
 w - 2 atropa-tipped darts
Armour
 b - a +0 robe
 q - a +0 robe (worn)
 s - a +0 ring mail
 t - a +0 helmet
 u - the +1 helmet of a Billion Eyes (worn) {rCorr MP+9 SInv Stlth-}
   (You found it on level 3 of the Dungeon)

   MP+9:      It affects your magic capacity (+9).
   SInv:      It lets you see invisible.
   rCorr:     It protects you from acid and corrosion.
   Stlth-:    It makes you less stealthy.
 v - a +0 pair of gloves (worn)
Jewellery
 f - a ring of willpower (left hand)
 i - a +6 ring of intelligence (right hand)
 n - a ring of ice
Talismans
 g - a blade talisman
Scrolls
 j - 2 scrolls of teleportation {unknown}
 m - 4 scrolls of identify {unknown}
Potions
 c - 2 potions of invisibility
 h - a potion of lignification {unknown}
 l - a potion of enlightenment {unknown}
 r - 2 potions of attraction {unknown}


   Skills:
 + Level 1.5 Fighting
 + Level 3.6 Short Blades
 + Level 3.5 Dodging
 + Level 6.4 Stealth
 + Level 2.3 Spellcasting
 + Level 3.6 Hexes


You had 9 spell levels left.
You didn't know any spells.
Your spell library contained the following spells:

 Spells                   Type           Power      Damage    Failure   Level
 Confusing Touch          Hex            18%        N/A       9%          3
 Tukima's Dance           Hex            18%        N/A       9%          3
 Ensorcelled Hibernation  Hex/Ice        20%        N/A       10%         2
 Dazzling Flash           Conj/Hex       20%        N/A       19%         3


Dungeon Overview and Level Annotations

Branches:
Dungeon (6/15)
 Temple: D:4-7

Altars:

Shops:
D:2 *[!   D:6 :


Innate Abilities, Weirdness & Mutations

You are small and have problems with some larger weapons.
You are completely attuned to the shadows.


Message History

You completely miss the ogre.
The ogre is almost dead.
You barely miss the ogre.
The ogre is almost dead.
The ogre hits you with a +0 giant club!!
Ouch! That really hurt!
* * * LOW HITPOINT WARNING * * *
You hear an angry hiss.
You hit the ogre.
You kill the ogre!
A water moccasin comes into view.
Your Stealth skill increases to level 6!
You have reached level 6!
You see here a +0 battleaxe.
You barely miss the water moccasin. The water moccasin closely misses you.
You miss the water moccasin.
The water moccasin completely misses you.
You barely miss the water moccasin. The water moccasin bites you.
* * * LOW HITPOINT WARNING * * *
You hit the water moccasin.
You punch the water moccasin, but do no damage.
The water moccasin is lightly wounded.
The water moccasin bites you!
* * * LOW HITPOINT WARNING * * *
You hit the water moccasin. You drain the water moccasin.
The water moccasin is moderately wounded.
The water moccasin bites you but does no damage.
You miss the water moccasin.
The water moccasin is moderately wounded.
The water moccasin closely misses you. The water moccasin misses you.
You hit the water moccasin.
The water moccasin is moderately wounded.
The water moccasin closely misses you.
You miss the water moccasin.
The water moccasin is moderately wounded.
The water moccasin misses you.
You barely miss the water moccasin.
The water moccasin is moderately wounded.
The water moccasin bites you.
You die...

#..# #.#
############..#####
#.#
#.................#
#.#
############....#.#
#.# #.⌠.⌠#.# #.#
#..∩.#.# #.#
#.⌠.⌠#.###.#
#..........#
####@#.##### #S#.#
#.#.# #.#.# #)# #.#
#####.#.# ..S.....#
...).#..#


You could see a water moccasin (drained).

Vanquished Creatures
  An ogre (D:6)
  A sleepcap (D:6)
  An orc wizard (D:3)
  3 adders
  5 ribbon worms
  2 orcs (D:3)
  3 ball pythons
  4 endoplasms
  A giant cockroach (D:1)
  3 goblins
  6 hobgoblins
  9 kobolds
  2 quokkas
  6 bats
  5 frilled lizards
  3 rats (D:1)
55 creatures vanquished.

Notes
Turn   | Place    | Note
-------+----------+-------------------------------------------
     0 | D:1      | luckylaki the Kobold Enchanter began the quest for the Orb.
     0 | D:1      | Reached XP level 1. HP: 10/10 MP: 3/3
   272 | D:1      | Reached XP level 2. HP: 14/14 MP: 5/5
  1331 | D:2      | Reached XP level 3. HP: 18/19 MP: 6/6
  1417 | D:2      | Found Qunlual's Assorted Antiques.
  1464 | D:2      | Found Aham's Armour Shop.
  1606 | D:2      | Found Dedu's Distillery.
  1928 | D:2      | Bought a rapier for 92 gold pieces
  2116 | D:3      | Reached XP level 4. HP: 24/24 MP: 7/7
  2401 | D:3      | Reached skill level 5 in Stealth
  2559 | D:3      | Identified the +1 helmet of a Billion Eyes {rCorr MP+9 SInv
                  | Stlth-}
  3056 | D:3      | Reached skill level 1 in Fighting
  3056 | D:3      | Reached XP level 5. HP: 17/29 MP: 8/8
  3209 | D:3      | You fall into a shaft and drop 3 floors!
  3231 | D:6      | Found Riadech's Book Shop.
  3308 | D:6      | Noticed an ogre
  3315 | D:6      | Killed an ogre
  3315 | D:6      | Noticed a water moccasin
  3316 | D:6      | Reached skill level 6 in Stealth
  3316 | D:6      | Reached XP level 6. HP: 8/34 MP: 9/9
  3331 | D:6      | Slain by a water moccasin

Illustrated notes

Levels and vault maps discovered:
D:1:      heliophobic_arrival_enchanted_forest, layout_basic, dk_noncrumbling_2
D:2:      layout_rooms, serial_shops, nicolae_shop_behind_doors, shop, shop
D:3:      minmay_evil_eye, layout_basic, nicolae_wormholes
D:6:      layout_loops_ring, serial_shops, shop_fountains, serial_glass,
          glass_columns_a, glass_columns_a, feat_on_display,
          due_unseen_surprise, nicolae_shop_dragon_depot, uniq_prince_ribbit1

Skill      XL: |  1  2  3  4  5 |
---------------+----------------+-----
Short Blades   | 2 3 |  3.6
Stealth        | 5 6 |  6.4
Dodging        | 3 |  3.5
Fighting       | 1 |  1.5
Spellcasting   | |  2.3
Hexes          | |  3.6

Action                     |  1- 3 |  4- 6 || total
---------------------------+-------+-------++-------
  Melee: Short sword       |    69 |    33 ||   102
         Dagger            |     1 |       ||     1
         Rapier            |     2 |    59 ||    61
         Punch             |     1 |     2 ||     3
   Stab: Sleeping          |    16 |     6 ||    22
         Distracted        |     1 |       ||     1
 Armour: Robe              |    15 |    35 ||    50
  Dodge: Dodged            |    46 |    98 ||   144
